 Dungeon Crawl Stone Soup version 0.31-a0-115-g4708a659fe (webtiles) character file.

Game seed: 12499281309082657244

627 NateTC the Fighter (level 7, -2/70 HPs)
             Began as a Hill Orc Fighter on May 30, 2023.
             Slain by an ogre
             ... wielding a +0 giant club
              (15 damage)
             ... on level 5 of the Dungeon.
             The game lasted 00:03:41 (3399 turns).

NateTC the Fighter (Hill Orc Fighter)               Turns: 3399, Time: 00:03:41

Health: -2/70      AC: 11    Str: 21    XL:     7   Next: 48%
Magic:  7/7        EV:  6    Int:  8    God:
Gold:   210        SH:  8    Dex: 10    Spells: 6/6 levels left

rFire   + . .        a - +0 war axe
rCold   . . .        q - +0 kite shield of Vampiric Thralls {Contam rElec Slay+3}
rNeg    . . .        d - +0 chain mail
rPois   .            (no helmet)
rElec   +            (no cloak)
rCorr   .            l - +0 pair of gloves
SInv    .            e - +0 pair of boots
Will    .....        (no amulet) Stlth
                     k - ring of protection from fire
HPRegen 0.31/turn    (no ring)
MPRegen 0.10/turn

%: no passive effects
@: no status effects
A: no striking features
a: no special abilities


You were on level 5 of the Dungeon.
You visited 1 branch of the dungeon, and saw 5 of its levels.

You collected 210 gold pieces.

Inventory:

Hand Weapons
 a - a +0 war axe (weapon)
Armour
 d - a +0 chain mail (worn)
 e - a +0 pair of boots (worn)
 l - a +0 pair of gloves (worn)
 q - the +0 kite shield of Vampiric Thralls (worn) {Contam rElec Slay+3}
   (You found it on level 4 of the Dungeon)

   Slay:      It affects your accuracy & damage with ranged weapons and melee
   (+3).
   rElec:     It insulates you from electricity.
   Contam:    It causes magical contamination when unequipped.
Jewellery
 k - a ring of protection from fire (left hand)
Wands
 i - a wand of flame (11)
Scrolls
 f - a scroll of enchant weapon {unknown}
 g - a scroll of fog {unknown}
 n - 4 scrolls of amnesia {unknown}
 p - a scroll of enchant armour
Potions
 b - a potion of mutation {unknown}
 h - 2 potions of haste
 j - 3 potions of enlightenment
 m - a potion of lignification
 o - a potion of curing {unknown}


   Skills:
 - Level 9.0 Fighting
 * Level 5.8 Axes
 - Level 3.2 Armour
 - Level 3.2 Shields


You had 6 spell levels left.
You didn't know any spells.
Your spell library contained the following spells:

 Spells                   Type           Power      Damage    Failure   Level
 Sublimation of Blood     Necr           0%         N/A       100%        2
 Wereblood                Tmut           0%         N/A       100%        2
 Ozocubu's Armour         Ice            0%         N/A       100%        3
 Metabolic Englaciation   Hex/Ice        0%         N/A       100%        5
 Simulacrum               Ice/Necr       0%         N/A       100%        6
 Summon Hydra             Summ           0%         N/A       100%        7


Dungeon Overview and Level Annotations

Branches:
Dungeon (5/15) Zot: 26483  Temple (0/1) D:4

Altars:
Sif Muna


Message History

The sleepcap is heavily damaged.
You hit the ogre. The ogre hits you with a +0 giant club!
The sleepcap barely misses you.
You hear a distant slurping noise.
You are too injured to fight recklessly!
You are too injured to fight recklessly!
You are too injured to fight recklessly!
You are too injured to fight recklessly!
You are too injured to fight recklessly!
You are too injured to fight recklessly!
You are too injured to fight recklessly!
You are too injured to fight recklessly!
You are too injured to fight recklessly!
You are too injured to fight recklessly!
You are too injured to fight recklessly!
You are too injured to fight recklessly!
You are too injured to fight recklessly!
You are too injured to fight recklessly!
You are too injured to fight recklessly!
You are too injured to fight recklessly!
You are too injured to fight recklessly!
You slash the ogre!
The ogre is severely wounded.
You hit the sleepcap. You block the sleepcap's attack.
The ogre hits you with a +0 giant club!
* * * LOW HITPOINT WARNING * * *
You hit the ogre.
The ogre is severely wounded.
You slash the sleepcap!
The sleepcap releases spores at you but does no damage.
The ogre hits you with a +0 giant club!
* * * LOW HITPOINT WARNING * * *
The sleepcap barely misses you.
Okay, then.
You hit the sleepcap but do no damage.
The sleepcap is almost destroyed.
You barely miss the ogre.
The sleepcap releases spores at you but does no damage.
The ogre hits you with a +0 giant club!
You die...

......# #. #.#.#..#.#.
......## .##.#.#..#.(..
.......# .............
..###### ............
...##########...#.......
...'....................
...#######.###..........
+### #.###..††......
#..≈...@f......
##~~~.#.O......
##≈≈≈~..~.....
....~~~~≈≈....
#####.#...≈~≈..
..#........ ...#...?....
.## #..!.....


You could see an ogre and a sleepcap.

Vanquished Creatures
  Sigmund (D:3)
  A phantom (D:4)
  A scorpion (D:4)
  A jelly (D:4)
  Jessica (D:3)
  2 sleepcaps (D:4)
  An iguana (D:4)
  2 orc wizards (D:3)
  An adder (D:2)
  3 worms
  4 dart slugs
  8 orcs
  12 ball pythons
  3 bats
  11 endoplasms
  2 giant cockroaches (D:3)
  14 goblins
  16 hobgoblins
  12 jackals
  3 quokkas
  2 frilled lizards
  7 kobolds
  5 rats
113 creatures vanquished.

Notes
Turn   | Place    | Note
-------+----------+-------------------------------------------
     0 | D:1      | NateTC the Hill Orc Fighter began the quest for the Orb.
     0 | D:1      | Reached XP level 1. HP: 19/19 MP: 1/1
   154 | D:1      | Reached XP level 2. HP: 24/26 MP: 2/2
   365 | D:1      | Reached XP level 3. HP: 28/31 MP: 3/3
   871 | D:2      | Reached skill level 4 in Fighting
  1090 | D:2      | Reached XP level 4. HP: 40/40 MP: 4/4
  1555 | D:3      | Noticed Sigmund
  1561 | D:3      | Killed Sigmund
  1562 | D:3      | Reached skill level 6 in Fighting
  1562 | D:3      | Reached XP level 5. HP: 49/51 MP: 5/5
  1562 | D:3      | Reached XP level 6. HP: 56/58 MP: 6/6
  1633 | D:3      | Reached skill level 7 in Fighting
  1846 | D:3      | Noticed Jessica
  1855 | D:3      | Killed Jessica
  2396 | D:4      | Reached skill level 8 in Fighting
  2489 | D:4      | Found a staircase to the Ecumenical Temple.
  2509 | D:4      | Reached XP level 7. HP: 69/69 MP: 7/7
  2808 | D:4      | Identified the +6 falchion "Xouheeq" {flame, rElec rPois}
  2841 | D:4      | Reached skill level 9 in Fighting
  2841 | D:4      | Reached skill level 5 in Axes
  2995 | D:4      | Found a shimmering blue altar of Sif Muna.
  3025 | D:4      | Identified the +0 kite shield of Vampiric Thralls {Contam
                  | rElec Slay+3}
  3354 | D:5      | Entered Level 5 of the Dungeon
  3399 | D:5      | Slain by an ogre

Illustrated notes

Levels and vault maps discovered:
D:1:      scummos_arrival_simple_crosswalls, layout_loops_cross
D:2:      wander_river, layout_loops_ring, kennysheep_generic_room_16
D:3:      layout_loops_ring, chequers_serial_rivers_small_3,
          kennysheep_generic_room_2, uniq_jessica, uniq_sigmund
D:4:      cheibrodos_greedy_goblins, layout_gridville, lemuel_doored_altar,
          minmay_temple_entry_sparse_star, minmay_misc_feat_iff,
          kennysheep_generic_room_10
D:5:      layout_basic, serial_rivers, chequers_serial_rivers_micro_e,
          chequers_serial_rivers_micro_c, chequers_serial_rivers_small_3,
          chequers_serial_rivers_small_b, chequers_serial_rivers_small_a

Skill      XL: |  1  2  3  4  5  6  7 |
---------------+----------------------+-----
Axes           | 3 4 5 |  5.8
Fighting       | 4 6 8 9 |  9.0
Armour         | |  3.2
Shields        | |  3.2

Action                     |  1- 3 |  4- 6 |  7- 9 || total
---------------------------+-------+-------+-------++-------
  Melee: War axe           |   112 |   117 |    71 ||   300
    Use: Scroll            |     1 |     5 |       ||     6
         Potion            |       |     1 |       ||     1
 Armour: Scale mail        |    53 |    34 |       ||    87
         Chain mail        |       |     9 |    55 ||    64
  Dodge: Dodged            |    58 |    53 |    31 ||   142
  Block: Buckler           |    24 |    20 |    13 ||    57
         Kite shield       |       |       |     6 ||     6

Table legend: (Time is in decaauts)
 A = Elapsed time spent in this place.
 B = Non-inter-level travel time spent in this place.
 C = Inter-level travel time spent in this place.
 D = Time resting spent in this place.
 E = Time spent auto-exploring this place.
 F = Levels seen in this place.
 G = Mean time per level.
                   A        B        C        D        E       F      G
               +--------+--------+--------+--------+--------+-----+--------+
         Total |   3515 |   3236 |    279 |      0 |   2503 |   5 |  703.0 |
       Dungeon |   3515 |   3236 |    279 |      0 |   2503 |   5 |  703.0 |
               +--------+--------+--------+--------+--------+-----+--------+

Top non-repeatable levels by time:
     D:4: 1010 daAuts
     D:3: 842 daAuts
     D:2: 809 daAuts
     D:1: 804 daAuts
     D:5: 48 daAuts
